 Dungeon Crawl Stone Soup version 0.27-a0-836-gfc908b8576 (webtiles) character file.

Game seed: 4483465628517114862

37 rageheart7 the Skirmisher (level 3, 0/31 HPs)
             Began as a Barachi Abyssal Knight on Mar 31, 2021.
             Was a Follower of Lugonu.
             Slain by an iguana (3 damage)
             ... on level 3 of the Dungeon.
             The game lasted 00:01:53 (1846 turns).

rageheart7 the Skirmisher (Barachi Abyssal Knight)  Turns: 1846, Time: 00:01:54

Health: 0/31       AC: 11    Str: 14    XL:     3   Next: 41%
Magic:  4/4        EV:  4    Int: 12    God:    Lugonu [*.....]
Gold:   133        SH:  0    Dex: 11    Spells: 2/2 levels left

rFire    . . .     SeeInvis .   a - +1 falchion
rCold    . . .     Faith    .   (no shield)
rNeg     . . .     Spirit   .   e - +0 plate armour
rPois    .         Reflect  .   (no helmet)
rElec    .         Harm     .   (no cloak)
rCorr    .         Rampage  .   (no gloves)
Will     .....                  (no boots)
Stlth    ..........             (no amulet)
HPRegen  0.10/turn              (no ring)
MPRegen  0.09/turn              (no ring)

@: hasted, quick
A: +LOS, amphibious, slowness 1, strong legs 1
a: Hop, Renounce Religion, Depart the Abyss


You were on level 3 of the Dungeon.
You worshipped Lugonu.
Lugonu was aware of your devotion.
You visited 1 branch of the dungeon, and saw 3 of its levels.
You visited the Abyss 1 time.

You collected 133 gold pieces.

Inventory:

Hand Weapons
 a - a +1 falchion (weapon)
Missiles
 o - 7 boomerangs
Armour
 e - a +0 plate armour (worn)
Scrolls
 b - a scroll of torment {unknown}
 f - a scroll of teleportation {unknown}
 g - a scroll of amnesia {unknown}
 h - a scroll of identify {unknown}
 i - a scroll of summoning {unknown}
 m - a scroll of magic mapping {unknown}
Potions
 j - a potion of ambrosia
 k - a potion of curing
 l - a potion of mutation {unknown}
 n - a potion of lignification {unknown}


   Skills:
 * Level 4.5 Fighting
 * Level 3.6 Long Blades
 - Level 2.4 Armour
 - Level 1.1 Dodging
 - Level 1.5 Invocations


You had 2 spell levels left.
You didn't know any spells.
Your spell library was empty.

Dungeon Overview and Level Annotations

Branches:
Dungeon (3/15)

Altars:


Innate Abilities, Weirdness & Mutations

You can be seen from farther away. (+LOS)
You are amphibious.
You cover ground slowly.
You can hop short distances.


Message History

You hit the iguana.
The iguana is lightly wounded.
The iguana completely misses you.
You riposte.
You closely miss the iguana.
The iguana is lightly wounded.
You hit the iguana.
The iguana is moderately wounded.
The iguana bites you but does no damage.
You hit the iguana.
The iguana is severely wounded.
You hit the iguana but do no damage.
The iguana is severely wounded.
The iguana barely misses you.
You hit the iguana but do no damage.
The iguana is severely wounded.
The iguana bites you but does no damage.
You closely miss the iguana.
The iguana is severely wounded.
The iguana completely misses you.
You barely miss the iguana.
The iguana is severely wounded.
You hit the iguana.
The iguana is severely wounded.
The iguana bites you.
* * * LOW HITPOINT WARNING * * *
Your plate armour prevents you from hitting the iguana.
The iguana is severely wounded.
The iguana barely misses you.
You completely miss the iguana.
The iguana is severely wounded.
The iguana bites you but does no damage.
Your plate armour prevents you from hitting the iguana.
The iguana is severely wounded.
The iguana bites you.
* * * LOW HITPOINT WARNING * * *
You hit the iguana.
The iguana is almost dead.
You barely miss the iguana.
The iguana is almost dead.
The iguana bites you.
You die...

#### #.. #.#### ##
#@#.. .. #l#.#
.###.#
#b#.##......#
#...<..# ###.####
######..##
#........#
......##..........
..#.# #....##....


You could see an iguana and a bat.

Vanquished Creatures
  A dart slug (D:1)
  An orc (D:3)
  2 endoplasms
  A giant cockroach (D:1)
  5 goblins
  2 hobgoblins
  7 jackals (D:1)
  3 kobolds
  A ball python (D:1)
  3 bats
  4 frilled lizards
30 creatures vanquished.

Notes
Turn   | Place    | Note
-------+----------+-------------------------------------------
     0 | Abyss:1  | rageheart7 the Barachi Abyssal Knight began the quest for
                  | the Orb.
     0 | Abyss:1  | Reached XP level 1. HP: 18/18 MP: 2/2
    79 | Abyss:1  | Noticed an efreet
    82 | D:1      | Escaped the Abyss
   298 | D:1      | Reached * piety under Lugonu
   304 | D:1      | Reached skill level 4 in Fighting
   304 | D:1      | Reached XP level 2. HP: 22/25 MP: 3/3
   748 | D:1      | Reached XP level 3. HP: 23/31 MP: 4/4
  1846 | D:3      | Slain by an iguana

Illustrated notes

Levels and vault maps discovered:
D:1:      ncdulo_watergridlock, layout_basic, nrook_mini_backslash
D:2:      layout_basic
D:3:      layout_loops_cross

Skill      XL: |  1  2 |
---------------+-------+-----
Fighting       | 4 |  4.5
Long Blades    | 3 |  3.6
Armour         | |  2.4
Dodging        | |  1.1
Invocations    | |  1.5

Action                   || total
-------------------------++-------
Melee: Falchion          ||   119
Invok: Depart the Abyss  ||     1
  Use: Potion            ||     4
Armor: Plate armour      ||   136
       Leather armour    ||     1
Dodge: Dodged            ||    29
       Rpst.: Falchion   ||     9

Table legend: (Time is in decaauts)
 A = Elapsed time spent in this place.
 B = Non-inter-level travel time spent in this place.
 C = Inter-level travel time spent in this place.
 D = Time resting spent in this place.
 E = Time spent auto-exploring this place.
 F = Levels seen in this place.
 G = Mean time per level.
                   A        B        C        D        E       F      G
               +--------+--------+--------+--------+--------+-----+--------+
         Total |   2108 |   2069 |     39 |      0 |   1815 |   4 |  527.0 |
       Dungeon |   2010 |   1971 |     39 |      0 |   1723 |   3 |  670.0 |
         Abyss |     97 |     97 |      0 |      0 |     92 |   1 |   97.0 |
               +--------+--------+--------+--------+--------+-----+--------+

Top non-repeatable levels by time:
     D:1: 1188 daAuts
     D:2: 790 daAuts
 Abyss:1: 97 daAuts
     D:3: 32 daAuts
